[Event "November 21 Late 2023"]
[Site "https://www.chess.com"]
[Date "2023.11.21"]
[Round "3"]
[White "Estrada Nieto, Julian"]
[Black "Butti, Enrique"]
[Result "1-0"]
[Board "152"]
[TimeControl "180+1"]
[WhiteFideId "5101018"]
[BlackFideId "3700470"]
[WhiteElo "2161"]
[BlackElo "2080"]
[WhiteTeam "ESP"]
[BlackTeam "PAR"]
[WhiteClock "0:00:58"]
[BlackClock "0:00:33"]

1. e4 c5 2. Nf3 d6 3. d4 cxd4 4. Qxd4 Nf6 5. Nc3 a6 6. Bc4 Nc6 7. Qd3 Bg4 8. Bg5 Bxf3 9. Qxf3 Ne5 10. Qe2 Rc8 11. Bb3 Rxc3 12. bxc3 Qc7 13. O-O Ned7 14. f4 e6 15. f5 e5 16. Rad1 Be7 17. Rd3 O-O 18. Bxf6 Nxf6 19. Rh3 Rd8 20. Rd1 d5 21. Bxd5 Nxd5 22. exd5 Qc5+ 23. Qf2 Rxd5 24. Rhd3 Rxd3 25. Rxd3 Qc7 26. Qf3 Bc5+ 27. Kf1 h6 28. Qd5 Kh7 29. f6 gxf6 30. Qd7 Qxd7 31. Rxd7 Kg6 32. Rxb7 e4 33. Ke2 f5 34. Rc7 Bf8 35. Rc6+ f6 36. Rxa6 f4 37. Re6 e3 38. Kf3 Kf5 39. Re8 Bc5 40. a4 1-0

[Event "November 21 Late 2023"]
[Site "https://www.chess.com"]
[Date "2023.11.21"]
[Round "3"]
[White "Bullen, Alex"]
[Black "Balla, Tamas-Kristof"]
[Result "1-0"]
[Board "153"]
[TimeControl "180+1"]
[WhiteFideId "1801627"]
[BlackFideId "1208497"]
[WhiteElo "2078"]
[BlackElo "2306"]
[WhiteTeam "WLS"]
[BlackTeam "ROU"]
[WhiteClock "0:02:21"]
[BlackClock "0:02:26"]

1. d4 d5 2. Nf3 Nf6 3. Bf4 e6 4. e3 Bd6 5. Bg3 O-O 6. Bd3 b6 7. c3 c5 8. Nbd2 Ba6 9. Bxa6 Nxa6 10. O-O Nb8 11. Qc2 Nc6 12. dxc5 Bxg3 13. hxg3 bxc5 14. e4 d4 15. cxd4 Nxd4 16. Qxc5 Nxf3+ 17. Nxf3 Nxe4 18. Qd4 Qxd4 19. Nxd4 Rfd8 20. Rfd1 Rac8 21. Nc6 Rxd1+ 22. Rxd1 h6 23. Ne7+ 1-0

[Event "November 21 Late 2023"]
[Site "https://www.chess.com"]
[Date "2023.11.21"]
[Round "3"]
[White "Broca Jimenez, Fernando"]
[Black "Shohat, Yotam"]
[Result "1-0"]
[Board "154"]
[TimeControl "180+1"]
[WhiteFideId "5104742"]
[BlackFideId "2813955"]
[WhiteElo "2062"]
[BlackElo "2226"]
[WhiteTeam "MEX"]
[BlackTeam "ISR"]
[WhiteClock "0:00:17"]
[BlackClock "0:00:00"]

1. e4 c5 2. c3 Nf6 3. e5 Nd5 4. d4 cxd4 5. Nf3 Nc6 6. Bc4 Nb6 7. Bb3 d6 8. exd6 Qxd6 9. Nxd4 Nxd4 10. Qxd4 Qxd4 11. cxd4 e6 12. O-O Bd7 13. Nc3 Bc6 14. Rd1 Rd8 15. Be3 Be7 16. d5 Nxd5 17. Nxd5 Bxd5 18. Ba4+ Kf8 19. Rac1 f6 20. a3 Kf7 21. Rc7 Rc8 22. Rdc1 Bc6 23. Bxc6 Rxc7 24. Be8+ Rxe8 25. Rxc7 Rd8 26. g3 Ke8 27. Rxb7 a6 28. Kg2 Rd7 29. Rb8+ Kf7 30. Ra8 Rb7 31. b4 e5 32. Rxa6 f5 33. Ra7 Rb5 34. Bc5 1-0

[Event "November 21 Late 2023"]
[Site "https://www.chess.com"]
[Date "2023.11.21"]
[Round "3"]
[White "Souza, Gustavo Horokoski De"]
[Black "VitaliyChayka"]
[Result "0-1"]
[Board "155"]
[TimeControl "180+1"]
[WhiteFideId "2146584"]
[WhiteElo "1824"]
[BlackElo "2415"]
[WhiteTeam "BRA"]
[WhiteClock "0:00:02"]
[BlackClock "0:00:05"]

1. c4 e6 2. Nc3 d5 3. cxd5 exd5 4. d4 c6 5. Nf3 h6 6. Bf4 Nf6 7. e3 Bd6 8. Ne5 O-O 9. Bd3 Re8 10. O-O Qe7 11. Rb1 Nbd7 12. Nxd7 Bxd7 13. Bxd6 Qxd6 14. b4 a6 15. a4 Re7 16. b5 axb5 17. axb5 c5 18. dxc5 Qxc5 19. Ne2 Bg4 20. Qc1 Qxc1 21. Rfxc1 Bxe2 22. Bxe2 d4 23. Rb3 Rae8 24. Bf3 dxe3 25. fxe3 b6 26. Rc6 Nd7 27. Rc7 Nc5 28. Rxe7 Rxe7 29. Ra3 f5 30. Ra8+ Kf7 31. Rb8 Rxe3 32. Rxb6 Nd3 33. h3 Re1+ 34. Kh2 f4 35. Rb7+ Kf6 36. Rb6+ Ke5 37. Rb8 Kd4 38. Rd8+ Kc3 39. Rxd3+ Kxd3 40. b6 Rb1 41. b7 Rb2 42. h4 Ke3 43. Kh3 g6 44. Kg4 Rb5 45. Kh3 h5 46. Bc6 Rb6 47. g3 f3 48. g4 f2 49. Bg2 Rxb7 50. g5 Ke2 51. Bxb7 f1=Q+ 52. Kh2 Qf2+ 53. Kh3 Kf1 54. Ba6+ Kg1 55. Bb7 Qh2# 0-1

[Event "November 21 Late 2023"]
[Site "https://www.chess.com"]
[Date "2023.11.21"]
[Round "3"]
[White "Melikhov, Evgeny V."]
[Black "Curtis, John"]
[Result "0-1"]
[Board "156"]
[TimeControl "180+1"]
[WhiteFideId "4122046"]
[BlackFideId "3200256"]
[WhiteElo "2165"]
[BlackElo "2203"]
[WhiteTeam "GRE"]
[BlackTeam "AUS"]
[WhiteClock "0:00:02"]
[BlackClock "0:00:18"]

1. d4 Nf6 2. c4 e6 3. Nc3 d5 4. cxd5 Nxd5 5. e4 Nxc3 6. bxc3 c5 7. Nf3 cxd4 8. cxd4 Bb4+ 9. Bd2 Bxd2+ 10. Qxd2 O-O 11. Bd3 Nc6 12. Bc2 Qa5 13. Qxa5 Nxa5 14. Ke2 Bd7 15. Bb3 Bb5+ 16. Ke3 Rac8 17. Rhc1 Nxb3 18. axb3 a6 19. Ne5 f6 20. Nc4 Rc6 21. Na5 Rb6 22. Rc7 Rf7 23. Rac1 Bc6 24. Rc8+ Rf8 25. Rc7 Rf7 26. Rc8+ Rf8 27. Rxf8+ Kxf8 28. Rc3 Ke7 29. f4 f5 30. d5 exd5 31. exf5 d4+ 32. Kxd4 Bxg2 33. Rg3 Bc6 34. Nxc6+ bxc6 35. Rxg7+ Kf6 36. Rxh7 Rxb3 37. Ke4 Rb4+ 38. Kf3 Kxf5 39. Rh5+ Ke6 40. Ra5 Rb6 41. h4 Kf6 42. Kg4 Kg6 43. Re5 Kf6 44. h5 Rb1 45. Rf5+ Ke6 46. Rc5 Rg1+ 47. Kf3 Kd6 48. Rg5 Rh1 49. Kg4 Ke6 50. Rg6+ Kd5 51. Kg5 c5 52. Rg8 Rg1+ 53. Kf6 Rxg8 54. h6 Rh8 55. Kg7 Rc8 56. f5 Ke5 57. f6 Rc7+ 58. f7 Ke6 59. h7 Rxf7+ 60. Kg8 Rxh7 61. Kxh7 c4 0-1

[Event "November 21 Late 2023"]
[Site "https://www.chess.com"]
[Date "2023.11.21"]
[Round "3"]
[White "UK_23"]
[Black "Manfroi, Alexander Giannini"]
[Result "1-0"]
[Board "157"]
[TimeControl "180+1"]
[BlackFideId "22739335"]
[WhiteElo "2410"]
[BlackElo "1618"]
[BlackTeam "BRA"]
[WhiteClock "0:00:16"]
[BlackClock "0:00:05"]

1. e4 e5 2. Nf3 Nc6 3. Bc4 Nf6 4. d3 Bc5 5. O-O d6 6. c3 Bg4 7. Nbd2 O-O 8. h3 Be6 9. Bb5 a6 10. Ba4 b5 11. Bc2 Nb8 12. a4 Nbd7 13. Qe2 Bb6 14. Rd1 c5 15. Nf1 Qc7 16. Ng3 h6 17. Nh4 d5 18. Ngf5 Kh7 19. Qf3 Bxf5 20. Nxf5 Rae8 21. exd5 c4 22. dxc4 e4 23. Qf4 Qxc4 24. Nxg7 Kxg7 25. Qxh6+ Kg8 26. Bg5 Bd8 27. Rd4 Qe2 28. Bb3 Qh5 29. axb5 Qxh6 30. Bxh6 axb5 31. Ra6 Nc5 32. Ra3 Nxb3 33. Rxb3 Nd7 34. Rxb5 Ne5 35. c4 f6 36. Bxf8 Kxf8 37. d6 Kf7 38. c5 Ke6 39. Rd1 Kd7 40. Rb7+ Kc6 41. Rb8 Nd3 42. b4 Nxb4 43. d7 Re7 44. Rc8+ Kb7 45. Rb1 Rxd7 46. Rxd8 Rxd8 47. Rxb4+ Kc6 48. Rxe4 Kxc5 49. Rf4 Rf8 50. g4 Kd5 51. Kg2 Ke5 52. Kg3 Rg8 53. f3 Ra8 54. h4 Ke6 55. Rf5 Kf7 56. h5 Kg7 57. h6+ Kg6 58. h7 Ra3 59. Rh5 Ra8 60. h8=Q f5 61. Qh7+ Kf6 62. Rxf5+ Ke6 63. Qf7+ Kd6 64. Rd5+ Kc6 65. Qd7+ Kb6 66. Rb5+ Ka6 67. Qb7# 1-0

[Event "November 21 Late 2023"]
[Site "https://www.chess.com"]
[Date "2023.11.21"]
[Round "3"]
[White "Skaric, Djuro"]
[Black "zano2023"]
[Result "0-1"]
[Board "158"]
[TimeControl "180+1"]
[WhiteFideId "934569"]
[WhiteElo "2282"]
[BlackElo "2187"]
[WhiteTeam "SRB"]
[WhiteClock "0:00:23"]
[BlackClock "0:00:47"]

1. g3 d6 2. Bg2 e5 3. d3 Nf6 4. Nf3 Be7 5. O-O O-O 6. Nc3 Nbd7 7. e4 Re8 8. Ne1 Nf8 9. h3 Ng6 10. f4 exf4 11. gxf4 Nh4 12. Be3 Qd7 13. f5 Nxg2 14. Nxg2 Bd8 15. Rf3 c6 16. Rg3 Kh8 17. Qd2 d5 18. Bd4 dxe4 19. dxe4 Bb6 20. Rd3 Qc7 21. Qg5 Bxd4+ 22. Rxd4 Qe5 23. Rad1 h6 24. Qh4 b5 25. a3 Bb7 26. R4d3 a6 27. Re1 c5 28. Rde3 Rad8 29. Qf4 Qd4 30. Kh2 Qd2 31. R1e2 Qd4 32. Qc7 Rd7 33. Qf4 Nh5 34. Qh4 Nf6 35. e5 Nd5 36. Re4 Nxc3 37. Rxd4 Rxd4 38. Qxd4 cxd4 39. bxc3 dxc3 40. Nf4 a5 41. e6 fxe6 42. fxe6 b4 43. axb4 axb4 44. Re3 g5 45. Nd3 b3 46. cxb3 c2 47. Nc1 Kg7 48. Kg3 Kf6 49. Rc3 Be4 50. b4 Rxe6 51. Rc4 Bf5 52. Rc5 Re1 53. Nb3 Re3+ 54. Kf2 Rxb3 55. b5 Rb1 0-1

[Event "November 21 Late 2023"]
[Site "https://www.chess.com"]
[Date "2023.11.21"]
[Round "3"]
[White "Elbebiber"]
[Black "Maisuradze, Nino"]
[Result "1-0"]
[Board "159"]
[TimeControl "180+1"]
[BlackFideId "13601717"]
[WhiteElo "2178"]
[BlackElo "2108"]
[BlackTeam "FRA"]
[WhiteClock "0:00:44"]
[BlackClock "0:00:04"]

1. d4 b6 2. Nf3 Bb7 3. Bf4 g6 4. e3 Bg7 5. Be2 Nf6 6. h3 O-O 7. O-O d6 8. c4 Nbd7 9. Nc3 e6 10. Re1 Re8 11. Bg5 h6 12. Bh4 g5 13. Bg3 Qe7 14. Bd3 e5 15. dxe5 dxe5 16. Be2 a6 17. Qc2 Rad8 18. Rad1 Qe6 19. Rd2 Bxf3 20. Bxf3 Qxc4 21. Red1 Qe6 22. Be2 b5 23. Nd5 Nxd5 24. Rxd5 c5 25. Qd2 Re7 26. e4 Kf8 27. Bg4 f5 28. Bxf5 Qf7 29. Bxd7 c4 30. Bf5 Rxd5 31. Qxd5 Qxd5 32. Rxd5 Rc7 33. Bxe5 Bxe5 34. Rxe5 b4 35. Rd5 c3 36. bxc3 bxc3 37. Rd1 Ke7 38. Rc1 Kf6 39. Kf1 Ke5 40. Ke2 Kd4 41. g4 a5 42. a4 Rc4 43. e5 Rxa4 44. e6 Rb4 45. Ra1 a4 46. e7 Rb2+ 47. Kf3 Rb8 48. Rxa4+ Kc5 49. Ra2 Kd4 50. Bg6 1-0

[Event "November 21 Late 2023"]
[Site "https://www.chess.com"]
[Date "2023.11.21"]
[Round "3"]
[White "Suspenser17"]
[Black "Kniazev, Igor"]
[Result "1-0"]
[Board "160"]
[TimeControl "180+1"]
[BlackFideId "4136349"]
[WhiteElo "2399"]
[BlackElo "1862"]
[BlackTeam "RUS"]
[WhiteClock "0:00:35"]
[BlackClock "0:00:00"]

1. e4 e5 2. Nf3 Nf6 3. d4 Nxe4 4. dxe5 d5 5. Bd3 Nc6 6. O-O Bc5 7. Qe2 Bf5 8. Be3 d4 9. Bf4 Qd5 10. Nh4 g6 11. Nxf5 gxf5 12. Nd2 Nxd2 13. Qxd2 Rg8 14. g3 Ne7 15. Qe2 O-O-O 16. Bc4 Qe4 17. Qxe4 fxe4 18. Bxf7 Rg7 19. Be6+ Kb8 20. Rfe1 d3 21. Rxe4 dxc2 22. Bb3 Rd4 23. Rxd4 Bxd4 24. Rc1 Ng6 25. Bh6 Rf7 26. Rxc2 Rf5 27. e6 Re5 28. Kg2 c5 29. Bg7 Re1 30. Bxd4 cxd4 31. Rd2 Re4 32. Kf3 Re1 33. Rxd4 1-0

[Event "November 21 Late 2023"]
[Site "https://www.chess.com"]
[Date "2023.11.21"]
[Round "3"]
[White "kinghunter183"]
[Black "Sivakumar, Shaashwath"]
[Result "0-1"]
[Board "161"]
[TimeControl "180+1"]
[BlackFideId "30912156"]
[WhiteElo "2128"]
[BlackElo "2137"]
[BlackTeam "USA"]
[WhiteClock "0:00:00"]
[BlackClock "0:00:25"]

1. c4 g6 2. Nf3 Bg7 3. d4 Nf6 4. b3 O-O 5. Bb2 c5 6. e3 cxd4 7. exd4 d5 8. Bd3 dxc4 9. bxc4 Nc6 10. O-O Bg4 11. Be2 Nh5 12. h3 Bxf3 13. Bxf3 Nf4 14. Bxc6 bxc6 15. Na3 Rb8 16. Bc3 c5 17. Qd2 cxd4 18. Ba5 Qd6 19. Nb5 Qf6 20. Bc7 Bh6 21. Bxf4 Bxf4 22. Qd3 a6 23. Na3 Bd6 24. Nc2 e5 25. Rad1 Bc5 26. Kh1 a5 27. f4 exf4 28. Qe4 Rfe8 29. Qxf4 Qxf4 30. Rxf4 Rb2 31. Nxd4 Rd8 32. Kh2 Bd6 0-1

[Event "November 21 Late 2023"]
[Site "https://www.chess.com"]
[Date "2023.11.21"]
[Round "3"]
[White "Rios Escobar, Adan"]
[Black "Smirnov, Timofey"]
[Result "1-0"]
[Board "162"]
[TimeControl "180+1"]
[WhiteFideId "3403645"]
[BlackFideId "24176427"]
[WhiteElo "2397"]
[BlackElo "2245"]
[WhiteTeam "CHI"]
[BlackTeam "RUS"]
[WhiteClock "0:00:24"]
[BlackClock "0:00:00"]

1. Nf3 d5 2. e3 Nf6 3. c4 c6 4. Nc3 e6 5. b3 Bd6 6. Bb2 O-O 7. Qc2 Nbd7 8. Rg1 e5 9. cxd5 cxd5 10. Nb5 Bb8 11. Rc1 a6 12. Nc7 Bxc7 13. Qxc7 d4 14. exd4 exd4 15. Qxd8 Rxd8 16. Bxd4 Re8+ 17. Kd1 Ne4 18. Bd3 Ndf6 19. h3 h6 20. Re1 Bf5 21. Bb1 Rad8 22. Be3 Nd5 23. Nd4 Nxe3+ 24. fxe3 Nf2+ 25. Ke2 Bxb1 26. Kxf2 Bd3 27. Rc7 b5 28. b4 Ra8 29. Nb3 a5 30. Nxa5 Red8 31. Nc6 Re8 32. Na5 1-0

[Event "November 21 Late 2023"]
[Site "https://www.chess.com"]
[Date "2023.11.21"]
[Round "3"]
[White "Oliveira, Tiago Batista"]
[Black "Akhayan, Ruben"]
[Result "0-1"]
[Board "163"]
[TimeControl "180+1"]
[WhiteFideId "2108291"]
[BlackFideId "204439"]
[WhiteElo "1962"]
[BlackElo "2141"]
[WhiteTeam "BRA"]
[BlackTeam "BEL"]
[WhiteClock "0:00:00"]
[BlackClock "0:00:17"]

1. d4 Nf6 2. c4 g6 3. Nc3 d5 4. cxd5 Nxd5 5. e4 Nxc3 6. bxc3 Bg7 7. Nf3 O-O 8. Be3 c5 9. Rc1 Bg4 10. Be2 cxd4 11. cxd4 Qa5+ 12. Qd2 Qxd2+ 13. Nxd2 Bxe2 14. Kxe2 Nc6 15. d5 Ne5 16. f4 Ng4 17. Bc5 Rfe8 18. h3 Nf6 19. Rhd1 b6 20. Bb4 Nh5 21. Kf3 e5 22. g3 exf4 23. gxf4 Bh6 24. Bd6 Rad8 25. Rc6 Rd7 26. Nc4 f6 27. Ne3 Red8 28. Ng4 Bg7 29. e5 fxe5 30. fxe5 Rf7+ 31. Ke3 Ng3 32. e6 Nf5+ 33. Kf4 Rb7 34. Be5 Bf8 35. Nf6+ Kg7 36. Ne4+ Kh6 37. Bf6 Re8 38. Bg5+ Kg7 39. h4 h6 40. Bf6+ Kh7 41. h5 Ne7 42. hxg6+ Nxg6+ 43. Kf5 Be7 44. Rg1 Rg8 45. Bxe7 Nxe7+ 46. Ke5 Rxg1 47. Nf6+ Kg6 48. Rc4 Re1+ 49. Kd6 Nf5+ 50. Kc6 Re7 51. Nd7 Kg5 52. Rc3 Re3 53. Rc2 Nd4+ 54. Kd6 Nxc2 55. Kxe7 Nb4 56. d6 Nd5+ 0-1

[Event "November 21 Late 2023"]
[Site "https://www.chess.com"]
[Date "2023.11.21"]
[Round "3"]
[White "Kujawski, Adam"]
[Black "Blackwhite017"]
[Result "1-0"]
[Board "164"]
[TimeControl "180+1"]
[WhiteFideId "1100920"]
[WhiteElo "2054"]
[BlackElo "2033"]
[WhiteTeam "POL"]
[WhiteClock "0:00:36"]
[BlackClock "0:00:00"]

1. e4 c5 2. Nf3 d6 3. d4 cxd4 4. Nxd4 Nf6 5. Nc3 g6 6. Be3 Bg7 7. f3 O-O 8. Qd2 Nc6 9. O-O-O Nxd4 10. Bxd4 Be6 11. Kb1 a6 12. g4 b5 13. h4 b4 14. Nd5 Bxd5 15. exd5 Nd7 16. Bxg7 Kxg7 17. h5 Rh8 18. h6+ Kf8 19. f4 f6 20. Bh3 Qb6 21. g5 f5 22. Rhe1 Nc5 23. Bg2 Ra7 24. Re3 a5 25. Rde1 a4 26. Qd4 Rg8 27. a3 bxa3 28. Rxa3 Kf7 29. Rae3 Rb7 30. Rxe7+ Rxe7 31. Qf6+ 1-0

[Event "November 21 Late 2023"]
[Site "https://www.chess.com"]
[Date "2023.11.21"]
[Round "3"]
[White "Nita, Lucian"]
[Black "Gallegos Diaz, Carlos Alberto"]
[Result "1-0"]
[Board "165"]
[TimeControl "180+1"]
[WhiteFideId "1206923"]
[BlackFideId "3900886"]
[WhiteElo "2066"]
[BlackElo "2362"]
[WhiteTeam "ROU"]
[BlackTeam "VEN"]
[WhiteClock "0:00:13"]
[BlackClock "0:00:02"]

1. e4 d6 2. d3 Nf6 3. Nd2 e5 4. Ngf3 Be7 5. Be2 O-O 6. O-O c6 7. b3 Nbd7 8. Bb2 Re8 9. Re1 h6 10. Nf1 b5 11. Ne3 a6 12. a4 Bf8 13. axb5 cxb5 14. c4 Bb7 15. Nd5 Nxd5 16. cxd5 Rc8 17. d4 exd4 18. Qxd4 Nc5 19. Nd2 Qg5 20. g3 Qg6 21. Bf3 Be7 22. Bh5 Qf6 23. Qxf6 Bxf6 24. Bxf6 gxf6 25. Bg4 Ra8 26. Bf5 a5 27. Re3 Kf8 28. Nf3 a4 29. b4 Nb3 30. Ra3 Bc8 31. Nh4 Nd2 32. Rec3 Bxf5 33. Nxf5 Nxe4 34. Re3 Re5 35. Nxh6 Rc8 36. Ng4 Rc1+ 37. Kg2 Re7 38. h4 f5 39. Nh6 f4 40. Rf3 fxg3 41. fxg3 Rc2+ 42. Kh3 Nf2+ 43. Rxf2 Rxf2 44. Ng4 Rb2 45. h5 Rxb4 46. h6 f5 47. Rf3 Rf7 48. Ne3 Rb3 49. Kh4 a3 50. Kg5 a2 51. Rf1 Rxe3 52. g4 Rg3 53. Kh5 Rxg4 54. Ra1 Rf6 55. Rxa2 Rgg6 56. Ra8+ Ke7 57. Ra7+ Kd8 58. h7 Rh6+ 59. Kg5 Kc8 60. h8=Q+ Rxh8 61. Kxf6 Rf8+ 62. Ke6 f4 63. Ra8+ Kb7 64. Rxf8 b4 65. Rxf4 Kb6 66. Rxb4+ Kc5 67. Rb8 1-0

[Event "November 21 Late 2023"]
[Site "https://www.chess.com"]
[Date "2023.11.21"]
[Round "3"]
[White "Desideri, Ricardo Maruchi"]
[Black "Ward, Ieuan C"]
[Result "0-1"]
[Board "166"]
[TimeControl "180+1"]
[WhiteFideId "2110440"]
[BlackFideId "406627"]
[WhiteElo "1945"]
[BlackElo "2367"]
[WhiteTeam "BRA"]
[BlackTeam "ENG"]
[WhiteClock "0:00:00"]
[BlackClock "0:00:05"]

1. e4 c5 2. Nf3 d6 3. d4 cxd4 4. Nxd4 Nf6 5. Nc3 a6 6. Rg1 e5 7. Nb3 Be7 8. g4 Be6 9. g5 Nfd7 10. Be3 Qc7 11. Qd2 b5 12. O-O-O O-O 13. h4 Nc6 14. Kb1 Nb6 15. Nd5 Bxd5 16. exd5 Nb8 17. h5 f5 18. gxf6 Bxf6 19. Bg5 N8d7 20. h6 g6 21. Bh3 Nc4 22. Be6+ Kh8 23. Qc1 a5 24. Nd2 Nc5 25. Bxf6+ Rxf6 26. Nxc4 bxc4 27. Qg5 Raf8 28. Qg4 Rxf2 29. Rg2 Rf1 30. a3 c3 31. b3 R1f4 32. Qg5 a4 33. b4 Qb8 34. Ka2 Rf2 35. Qe7 Qb7 36. Qxb7 Nxb7 37. Rxf2 Rxf2 38. Kb1 Nd8 39. b5 e4 40. b6 Rf8 41. Bc8 Rf7 42. b7 Nxb7 43. Re1 Nc5 44. Be6 Re7 45. Ka2 Nxe6 0-1

[Event "November 21 Late 2023"]
[Site "https://www.chess.com"]
[Date "2023.11.21"]
[Round "3"]
[White "Mirza, Diana"]
[Black "Bernat, David"]
[Result "0-1"]
[Board "167"]
[TimeControl "180+1"]
[WhiteFideId "2503999"]
[BlackFideId "2099225"]
[WhiteElo "1813"]
[BlackElo "1894"]
[WhiteTeam "IRL"]
[BlackTeam "USA"]
[WhiteClock "0:00:11"]
[BlackClock "0:00:15"]

1. e4 c5 2. c4 Nc6 3. Nc3 g6 4. g3 Bg7 5. Bg2 d6 6. Nge2 e5 7. O-O Nge7 8. d3 O-O 9. Be3 h6 10. Qd2 Kh7 11. f4 Nd4 12. Nd5 Nxd5 13. exd5 Bg4 14. Bxd4 exd4 15. h3 Bxe2 16. Qxe2 Re8 17. Qd2 Re3 18. Rf3 Qe7 19. Rxe3 dxe3 20. Qe2 Bd4 21. g4 Qf6 22. Rf1 Bxb2 23. Kh1 Bd4 24. Be4 Kg7 25. Rb1 b6 26. a4 Qxf4 27. Rf1 Qg5 28. a5 Qh4 29. Kg2 bxa5 30. Qf3 f6 31. Bxg6 Kxg6 32. Qf5+ Kg7 33. Qd7+ Kh8 34. Qxd6 e2 35. Qc6 exf1=Q+ 36. Kxf1 Qf2# 0-1

[Event "November 21 Late 2023"]
[Site "https://www.chess.com"]
[Date "2023.11.21"]
[Round "3"]
[White "Todorovic, Bojan"]
[Black "katharinareinecke"]
[Result "1-0"]
[Board "168"]
[TimeControl "180+1"]
[WhiteFideId "917087"]
[WhiteElo "2266"]
[BlackElo "1969"]
[WhiteTeam "SRB"]
[WhiteClock "0:00:07"]
[BlackClock "0:00:02"]

1. Nf3 d5 2. c4 c6 3. b3 Nf6 4. Bb2 e6 5. g3 Be7 6. Bg2 O-O 7. O-O b6 8. d3 Bb7 9. Nbd2 c5 10. e3 Nc6 11. a3 Rc8 12. Qe2 dxc4 13. Nxc4 Nd5 14. Rab1 Bf6 15. Nfe5 Nxe5 16. Nxe5 Qc7 17. f4 Rfd8 18. g4 h6 19. Rbc1 Qe7 20. Rfd1 Bxe5 21. Bxe5 f6 22. Bb2 Rd7 23. Be4 Rcd8 24. Qf3 Ba6 25. Rd2 Qf7 26. f5 e5 27. h4 Nc7 28. Rc3 Nb5 29. Rc4 Nd6 30. Ra4 Nxe4 31. Qxe4 Bb5 32. Rc4 Bxc4 33. bxc4 Rd6 34. Kf2 Qd7 35. Ke2 Qc7 36. g5 hxg5 37. hxg5 R6d7 38. Qg4 fxg5 39. Qxg5 Qb7 40. f6 Rf7 41. Bxe5 Qd7 42. fxg7 Re8 43. Qh6 Rxg7 44. Qxg7+ Qxg7 45. Bxg7 Kxg7 46. d4 cxd4 47. Rxd4 Rc8 48. Kd3 Kf6 49. Rd7 a6 50. Rd6+ Ke5 51. Rxb6 Rd8+ 52. Kc3 Rd1 53. Rxa6 Ra1 54. Kb4 Ke4 55. Kb5 Kxe3 56. c5 Kd4 57. Rd6+ Ke5 58. Rd3 Rb1+ 59. Kc6 Ra1 60. Kd7 Rc1 61. c6 Ke4 62. Rd6 Rc3 63. c7 Rxa3 64. c8=Q Ra7+ 65. Ke6 Ra5 66. Qc4+ Ke3 67. Rd3+ Ke2 68. Qc2+ Ke1 69. Rd1# 1-0

[Event "November 21 Late 2023"]
[Site "https://www.chess.com"]
[Date "2023.11.21"]
[Round "3"]
[White "Burke, Paul"]
[Black "Leschinsky, Gary"]
[Result "0-1"]
[Board "169"]
[TimeControl "180+1"]
[WhiteFideId "2605767"]
[BlackFideId "30951321"]
[WhiteElo "1847"]
[BlackElo "2020"]
[WhiteTeam "CAN"]
[BlackTeam "USA"]
[WhiteClock "0:00:00"]
[BlackClock "0:01:17"]

1. e4 c5 2. d4 cxd4 3. c3 dxc3 4. Nxc3 Nc6 5. Nf3 e6 6. Bf4 Bb4 7. Bd3 Nge7 8. e5 Ng6 9. Bg3 Qa5 10. O-O Ngxe5 11. Nxe5 Nxe5 12. Bxe5 Qxe5 13. Re1 Qb8 14. Qh5 Bxc3 15. bxc3 Qd6 16. Rad1 Qe7 17. Re3 d6 18. Qb5+ Bd7 19. Qxb7 O-O 20. Bb5 Rfd8 21. Bd3 Qg5 22. Rg3 Qe5 23. Rh3 g6 24. Re3 Qc5 25. Qf3 Bc6 26. Qh3 Bd5 27. Qh6 Kh8 28. Rh3 Kg8 0-1

[Event "November 21 Late 2023"]
[Site "https://www.chess.com"]
[Date "2023.11.21"]
[Round "3"]
[White "Sailer, Mike"]
[Black "Vargas, Mauricio"]
[Result "1-0"]
[Board "170"]
[TimeControl "180+1"]
[WhiteFideId "2012901"]
[BlackFideId "4404572"]
[WhiteElo "2109"]
[BlackElo "1988"]
[WhiteTeam "USA"]
[BlackTeam "COL"]
[WhiteClock "0:00:10"]
[BlackClock "0:00:00"]

1. g3 e5 2. Bg2 Nc6 3. c4 f5 4. Nc3 Nf6 5. a3 g5 6. b4 Nd4 7. e3 Ne6 8. d4 e4 9. d5 Ng7 10. Bb2 d6 11. Nce2 Bd7 12. Nd4 Be7 13. Nge2 O-O 14. O-O Qe8 15. Rc1 Ba4 16. Qd2 Nd7 17. Nc3 Ne5 18. Nxa4 Qxa4 19. c5 Qe8 20. cxd6 Bxd6 21. Ba1 g4 22. Rc3 Qh5 23. Rfc1 Nf3+ 24. Nxf3 gxf3 25. Bf1 Rf6 26. Rxc7 Rh6 27. Rxg7+ Kf8 28. h3 Re8 29. Rxb7 Rg6 30. Kh2 f4 31. exf4 Qh6 32. Qc3 1-0

[Event "November 21 Late 2023"]
[Site "https://www.chess.com"]
[Date "2023.11.21"]
[Round "4"]
[White "Gokerkan, Cem Kaan"]
[Black "Nakamura, Hikaru"]
[Result "0-1"]
[Board "1"]
[TimeControl "180+1"]
[WhiteFideId "6336760"]
[BlackFideId "2016192"]
[WhiteElo "2365"]
[BlackElo "2874"]
[WhiteTeam "TUR"]
[BlackTeam "USA"]
[WhiteClock "0:00:06"]
[BlackClock "0:01:48"]

1. e4 a6 2. d4 e6 3. Nc3 b5 4. Bd3 c5 5. dxc5 Bxc5 6. Nf3 Bb7 7. O-O d6 8. Qe2 Nd7 9. Be3 Ngf6 10. Rad1 Qb6 11. Bxc5 Qxc5 12. a3 Rc8 13. Rfe1 O-O 14. Qe3 Rfd8 15. h3 Qxe3 16. Rxe3 Nb6 17. Ree1 e5 18. Nd2 Rc7 19. Nb3 Bc8 20. Bf1 Be6 21. Rd2 Kf8 22. f3 Ke7 23. Na5 g5 24. g4 Nfd7 25. Red1 Nf8 26. Nd5+ Bxd5 27. exd5 Kf6 28. Nc6 Ra8 29. b4 Ng6 30. Bd3 Nf4 31. Be4 h5 32. Kf2 h4 33. Rh1 Rac8 34. Na5 Rc3 35. Nb3 Nc4 36. Rdd1 Nxa3 37. Ra1 Rxc2+ 38. Bxc2 Rxc2+ 39. Ke1 Nc4 40. Rxa6 Nd3+ 41. Kd1 Ne3# 0-1

[Event "November 21 Late 2023"]
[Site "https://www.chess.com"]
[Date "2023.11.21"]
[Round "4"]
[White "Fernandez, Daniel"]
[Black "Theodorou, Nikolas"]
[Result "0-1"]
[Board "2"]
[TimeControl "180+1"]
[WhiteFideId "2015390"]
[BlackFideId "4262875"]
[WhiteElo "2396"]
[BlackElo "2525"]
[WhiteTeam "USA"]
[BlackTeam "GRE"]
[WhiteClock "0:00:00"]
[BlackClock "0:00:16"]

1. e4 e5 2. Nf3 Nc6 3. Bb5 a6 4. Ba4 f5 5. d4 exd4 6. e5 b5 7. Bb3 Bb7 8. O-O Na5 9. Nxd4 c5 10. Bxg8 cxd4 11. Bb3 Qb6 12. Nd2 Qg6 13. Nf3 Nxb3 14. axb3 Bc5 15. Nh4 Qf7 16. Nf3 Qd5 17. Qd3 O-O 18. Rd1 Qe4 19. b4 Bb6 20. Qxe4 fxe4 21. Nxd4 Rae8 22. Be3 Bc7 23. e6 dxe6 24. Nb3 Bd5 25. Nc5 h5 26. Nxa6 Be5 27. Bd4 Bf4 28. Nc5 Ra8 29. Ra3 h4 30. Rda1 Rad8 31. Re1 Bd2 32. Rd1 Bxb4 33. Raa1 h3 34. c3 Bxc5 35. Bxc5 Rf5 36. g3 Kh7 37. Kf1 Bc4+ 38. Ke1 Rxd1+ 39. Rxd1 Rxc5 0-1

[Event "November 21 Late 2023"]
[Site "https://www.chess.com"]
[Date "2023.11.21"]
[Round "4"]
[White "Esipenko, Andrey"]
[Black "Raja Rithvik R"]
[Result "1-0"]
[Board "3"]
[TimeControl "180+1"]
[WhiteFideId "24175439"]
[BlackFideId "35007394"]
[WhiteElo "2615"]
[BlackElo "2395"]
[WhiteTeam "FID"]
[BlackTeam "IND"]
[WhiteClock "0:01:40"]
[BlackClock "0:00:25"]

1. d4 Nf6 2. c4 e6 3. g3 d5 4. Bg2 dxc4 5. Nf3 Bb4+ 6. Bd2 c5 7. O-O O-O 8. dxc5 Bxc5 9. Qc2 Nbd7 10. Na3 Bxa3 11. bxa3 Nb6 12. a4 Bd7 13. a5 Nbd5 14. Qxc4 Rc8 15. Qb3 Bc6 16. Rfc1 Ne7 17. Bb4 Re8 18. Rd1 Bd5 19. Qb2 Qc7 20. Rac1 Nc6 21. Bc3 Qe7 22. Rb1 Be4 23. Rbc1 Bd5 24. Bh3 Red8 25. Nd2 Ne8 26. e4 1-0